 Dungeon Crawl Stone Soup version 0.20-a0-957-g47ad1fd (webtiles) character file.

13393 Lochraine the Cudgeler (level 11, -5/92 HPs)
             Began as a Grey Draconian Fire Elementalist on Apr 2, 2017.
             Was a High Priest of Kikubaaqudgha.
             Hit by a large rock thrown by a cyclops (47 damage)
             ... on level 11 of the Dungeon on Apr 5, 2017.
             The game lasted 00:56:40 (10736 turns).

Lochraine the Cudgeler (DrFE)                      Turns: 10736, Time: 00:56:41

Health: -5/92      AC: 20    Str: 10    XL:     11   Next: 75%
Magic:  28/28      EV: 17    Int: 23    God:    Kikubaaqudgha [*****.]
Gold:   698        SH:  0    Dex: 17    Spells: 2/21 levels left

rFire    . . .     SeeInvis .   j - +4 mace of Infection {elec, +Fly MR- Int+4 Dex+5}
rCold    . . .     Gourm    .   (no shield)
rNeg     . . .     Faith    .   (armour unavailable)
rPois    +         Spirit   .   (helmet restricted)
rElec    .         Reflect  .   G - +2 cloak {rPois}
rCorr    .         Harm     .   y - +1 pair of gloves
MR       .....                  (no boots)
Stlth    ++........             u - amulet of rage
Regen    0.3/turn               c - ring of magical power
MPRegen  0.3/turn               E - +3 ring of protection (curse)

@: no status effects
A: walk through water, unfitting armour, unbreathing, cold-blooded, AC +12
a: Receive Corpses, Torment, Renounce Religion, Evoke Berserk Rage, Evoke Flight


You were on level 11 of the Dungeon.
You worshipped Kikubaaqudgha.
Kikubaaqudgha was extremely pleased with you.
You were very hungry.

You visited 2 branches of the dungeon, and saw 12 of its levels.

You collected 818 gold pieces.
You spent 120 gold pieces at shops.

Inventory:

Hand Weapons
 h - a +5 vampiric spear
 j - the +4 mace of Infection (weapon) {elec, +Fly MR- Int+4 Dex+5}
   (You found it on level 6 of the Dungeon)

   Occasionally, upon striking a foe, it will discharge some electrical energy
   and cause terrible harm.
   It affects your intelligence (+4).
   It affects your dexterity (+5).
   It affects your resistance to hostile enchantments.
   It lets you fly.
 T - a +0 trident of protection
Armour
 y - a +1 pair of gloves (worn)
 G - a +2 cloak of poison resistance (worn)
Jewellery
 c - a ring of magical power (left hand)
 d - an uncursed ring of see invisible {unknown}
 u - an amulet of rage (around neck)
 E - a cursed +3 ring of protection (right hand)
 I - an uncursed ring of poison resistance
 Q - an uncursed ring of fire
 W - a +4 ring of intelligence
Wands
 w - a wand of acid (6/15)
 F - a wand of iceblast (0/15)
 R - a wand of disintegration (10/24)
 U - a wand of iceblast (9/15)
 V - a wand of clouds (2/9)
 Y - a wand of confusion (24/48)
 Z - a wand of iceblast (4/15)
Scrolls
 e - 2 scrolls of magic mapping
 l - 3 scrolls of identify
 m - 5 scrolls of amnesia
 q - a scroll of fear
 s - 5 scrolls of remove curse
 t - 3 scrolls of recharging
 v - 2 scrolls of enchant armour
 A - a scroll of enchant weapon
 B - 3 scrolls of teleportation
 J - a scroll of noise
Potions
 f - 5 potions of curing
 o - a potion of invisibility
 r - 2 potions of brilliance
 x - a potion of haste
 z - 2 potions of agility
 C - a potion of berserk rage
 P - 2 potions of degeneration {unknown}
 S - a potion of mutation {unknown}
 X - 2 potions of flight {unknown}
Books
 a - a book of Flames

   Spells                             Type                      Level
   a - Flame Tongue                   Conjuration/Fire             1
   b - Throw Flame                    Conjuration/Fire             2
   c - Conjure Flame                  Conjuration/Fire             3
   d - Inner Flame                    Hexes/Fire                   3
   e - Sticky Flame                   Conjuration/Fire             4
   f - Fireball                       Conjuration/Fire             5
 i - Kikubaaqudgha's Grimoire of Dark Arts
   (Kikubaaqudgha gifted it to you on level 5 of the Dungeon)

   Spells                             Type                      Level
   a - Pain                           Necromancy                   1
   b - Corpse Rot                     Necromancy                   2
   c - Sublimation of Blood           Necromancy                   2
   d - Vampiric Draining              Necromancy                   3
   e - Control Undead                 Necromancy                   4
 D - a book of Minor Magic

   Spells                             Type                      Level
   a - Magic Dart                     Conjuration                  1
   b - Blink                          Translocation                2
   c - Call Imp                       Summoning                    2
   d - Slow                           Hexes                        2
   e - Conjure Flame                  Conjuration/Fire             3
   f - Mephitic Cloud                 Conjuration/Poison/Air       3
 H - a book of Changes

   Spells                             Type                      Level
   a - Beastly Appendage              Transmutation                1
   b - Sticks to Snakes               Transmutation                2
   c - Spider Form                    Transmutation/Poison         3
   d - Ice Form                       Ice/Transmutation            4
   e - Blade Hands                    Transmutation                5
 O - Kikubaaqudgha's Incunabulum of Unholy Rites
   (Kikubaaqudgha gifted it to you on level 8 of the Dungeon)

   Spells                             Type                      Level
   a - Animate Dead                   Necromancy                   4
   b - Excruciating Wounds            Charms/Necromancy            5
   c - Agony                          Necromancy                   5
   d - Dispel Undead                  Necromancy                   5
   e - Death Channel                  Necromancy                   6
Comestibles
 b - 8 bread rations
 g - 7 royal jellies
 K - 4 meat rations
 M - a fruit


   Skills:
 - Level 7.3 Fighting
 + Level 7.9 Maces & Flails
 - Level 4.3 Polearms
 - Level 6.7 Dodging
 - Level 2.0 Stealth
 - Level 5.5 Spellcasting
 - Level 6.0 Conjurations
 + Level 7.7 Necromancy
 - Level 6.5 Fire Magic
 + Level 4.6 Evocations


You had 2 spell levels left.
You knew the following spells:

 Your Spells              Type           Power        Failure   Level  Hunger
a - Flame Tongue          Conj/Fire      #####        1%          1    None
b - Conjure Flame         Conj/Fire      #####...     1%          3    ##.....
c - Sticky Flame          Conj/Fire      #####...     10%         4    ####...
d - Throw Flame           Conj/Fire      #####.       1%          2    None
e - Animate Dead          Necr           N/A          4%          4    ####...
f - Agony                 Necr           #####...     12%         5    #####..


Dungeon Overview and Level Annotations

Branches:
Dungeon (11/15)            Temple (1/1) D:5            Lair (0/6) D:10
    Orc (0/2) D:9

Altars:
Ashenzari
Cheibriados
Dithmenos
Elyvilon
Fedhas
Gozag
Hepliaklqana
Kikubaaqudgha
Makhleb
Nemelex Xobeh
Okawaru
Qazlal
Ru
Sif Muna
Trog
Uskayaw
Vehumet
Wu Jian
Xom
Yredelemnul
Zin
The Shining One

Shops:
D:5 }   D:8 ?   D:9 [

Annotations:
D:7 exclusion: 2 doors


Innate Abilities, Weirdness & Mutations

You can walk through water.
Your dull iron-grey scales are very hard. (AC +12)
You cannot fit into any form of body armour.
You can survive without breathing.
You are cold-blooded and may be slowed by cold attacks.


Message History

Something hits you but does no damage.
You sock something!
Your tail-slap misses something.
Something hits you but does no damage.
You miss something. Something hits you.
You hit something but do no damage. Lightning courses through something!
Something barely misses you. Something completely misses you.
You miss something. Something hits you but does no damage. Something hits you.
The orc priest calls upon Beogh to heal something.
Something hits you!
Something hits you but does no damage. x2
Something hits you but does no damage. Something hits you but does no damage.
Something hits you but does no damage. Something hits you but does no damage.
The troll closely misses you. x2
The troll completely misses you.
The cyclops throws a large rock.
The large rock hits you!!!
Ouch! That really hurt!
You die...
Kikubaaqudgha rasps: "You have failed me!
Welcome... death!"

########.................
..........o.............
....................###
#################...#
#...# ########...#
..C...T....#############
...........)............
.......@...#############
#########.(# #(.# #).#
#..# #..# #..# ...# ....


You could see a cyclops and a troll.

Vanquished Creatures
  2 two-headed ogres (D:10)
  3 death yaks (D:10)
  An ugly thing (D:11)
  A centaur zombie (D:10)
  A centaur skeleton (D:10)
  2 trolls (D:10)
  Grinder (D:6)
  3 hippogriffs
  A human (D:7)
  Sigmund (D:6)
  7 yaks
  4 hogs (D:7)
  4 ice beasts
  A sky beast (D:11)
  7 orc warriors
  5 ogres
  3 necrophages
  2 phantoms
  3 centaurs
  3 big kobolds
  8 bullfrogs
  2 scorpions
  16 killer bees
  14 wights
  A howler monkey (D:11)
  6 crimson imps
  4 jellies
  13 orc wizards
  A gnoll shaman (D:5)
  7 orc priests
  Crazy Yiuf (D:6)
  5 hounds
  A bullfrog skeleton (D:6)
  5 iguanas
  8 worker ants
  2 hound zombies
  3 hound skeletons
  A worker ant zombie (D:10)
  10 gnolls
  A howler monkey skeleton (D:6)
  12 adders
  A shadow imp (D:10)
  2 oozes
  2 worms
  A dart slug (D:2)
  5 leopard geckos
  41 orcs
  9 giant cockroaches
  8 goblins
  8 hobgoblins
  24 jackals
  3 quokkas
  A ball python (D:2)
  6 bats
  6 frilled lizards
  14 kobolds
  2 leopard gecko skeletons
  A leopard gecko zombie (D:8)
  2 quokka skeletons (D:5)
  A quokka zombie (D:6)
  6 rats
319 creatures vanquished.

Vanquished Creatures (collateral kills)
  A black bear (D:10)
  A gnoll sergeant (D:10)
  An orc priest (D:10)
  A hell rat (D:10)
  A gnoll (D:10)
  A quokka (D:10)
6 creatures vanquished.

Grand Total: 325 creatures vanquished

Notes
Turn   | Place    | Note
-------+----------+-------------------------------------------
     0 | D:1      | Lochraine the Draconian Fire Elementalist began the quest for the Orb.
     0 | D:1      | Reached XP level 1. HP: 14/14 MP: 3/3
    98 | D:1      | Reached XP level 2. HP: 14/20 MP: 3/5
   615 | D:1      | Found a shimmering altar of Xom.
   617 | D:1      | Found an iron altar of Okawaru.
   617 | D:1      | Found a blossoming altar of Fedhas.
   619 | D:1      | Found a shattered altar of Ashenzari.
   619 | D:1      | Found a shimmering altar of Xom.
   619 | D:1      | Found a deep blue altar of Sif Muna.
  1014 | D:2      | Reached XP level 3. HP: 15/26 MP: 4/6
  1738 | D:3      | Reached XP level 4. HP: 33/33 MP: 7/7
  1798 | D:3      | Learned a level 3 spell: Conjure Flame
  1957 | D:3      | Upgraded the game from 0.20-a0-947-g2784f4f to 0.20-a0-949-g916514f
  2215 | D:3      | Found a glowing silver altar of Zin.
  2308 | D:4      | Noticed a phantom
  2348 | D:4      | Killed a phantom
  2348 | D:4      | Reached skill level 1 in Polearms
  2348 | D:4      | Reached XP level 5. HP: 29/38 MP: 9/9
  2703 | D:4      | Reached XP level 6. HP: 32/45 MP: 10/10
  3162 | D:5      | Entered Level 5 of the Dungeon
  3164 | D:5      | Found Ilumuraoff's Gadget Shoppe.
  3509 | D:5      | Your scales start taking on a dull iron-grey colour.
  3509 | D:5      | Reached XP level 7. HP: 50/50 MP: 11/11
  3509 | D:5      | Gained mutation: You can survive without breathing. [Grey Draconian growth]
  3534 | D:5      | Found a staircase to the Ecumenical Temple.
  3575 | D:5      | Reached skill level 5 in Fire Magic
  3600 | Temple   | Entered the Ecumenical Temple
  3783 | Temple   | Became a worshipper of Kikubaaqudgha
  4148 | D:5      | Reached skill level 1 in Fighting
  4696 | D:6      | Noticed Sigmund
  4732 | D:5      | Reached XP level 8. HP: 49/62 MP: 12/12
  4760 | D:5      | Reached * piety under Kikubaaqudgha
  4760 | D:5      | Identified Kikubaaqudgha's Grimoire of Dark Arts (Kikubaaqudgha gifted it to you on level 5 of the Dungeon)
  4760 | D:5      | Received a gift from Kikubaaqudgha
  4770 | D:5      | Learned a level 4 spell: Sticky Flame
  4786 | D:6      | Learned a level 2 spell: Throw Flame
  4894 | D:6      | Got an encrusted mace
  4895 | D:6      | Identified the +4 mace of Infection {elec, +Fly MR- Int+4 Dex+5} (You found it on level 6 of the Dungeon)
  4936 | D:6      | Noticed Grinder
  4955 | D:6      | Paralysed by Grinder for 7 turns
  4966 | D:6      | Paralysed by Grinder for 4 turns
  4973 | D:6      | Killed Grinder
  4973 | D:6      | Reached skill level 1 in Maces & Flails
  5119 | D:6      | Reached skill level 5 in Dodging
  5123 | D:6      | Reached skill level 5 in Conjurations
  5381 | D:6      | Reached ** piety under Kikubaaqudgha
  5387 | D:6      | Reached XP level 9. HP: 67/70 MP: 13/13
  5460 | D:6      | Killed Sigmund
  5523 | D:6      | Found a runed door.
  5527 | D:6      | Noticed Crazy Yiuf
  5530 | D:6      | Killed Crazy Yiuf
  5564 | D:7      | Found a blossoming altar of Fedhas.
  5888 | D:6      | Reached skill level 1 in Necromancy
  6604 | D:7      | Reached skill level 5 in Maces & Flails
  6604 | D:7      | Reached XP level 10. HP: 70/80 MP: 14/14
  6717 | D:8      | Found Waaly's Magic Scroll Shop.
  6727 | D:8      | Bought a scroll of identify for 24 gold pieces
  6727 | D:8      | Bought a scroll of teleportation for 36 gold pieces
  6727 | D:8      | Bought a scroll of identify for 24 gold pieces
  6727 | D:8      | Bought a scroll of remove curse for 36 gold pieces
  6767 | D:8      | Found a bloodstained altar of Trog.
  6916 | D:8      | Reached *** piety under Kikubaaqudgha
  6916 | D:8      | Identified Kikubaaqudgha's Incunabulum of Unholy Rites (Kikubaaqudgha gifted it to you on level 8 of the Dungeon)
  6916 | D:8      | Received a gift from Kikubaaqudgha
  6925 | D:8      | Learned a level 4 spell: Animate Dead
  6926 | D:8      | Noticed a two-headed ogre
  7122 | D:8      | Reached skill level 5 in Fighting
  7226 | D:8      | Found a bloodstained altar of Trog.
  8079 | D:8      | Upgraded the game from 0.20-a0-949-g916514f to 0.20-a0-957-g47ad1fd
  8467 | D:9      | Found a staircase to the Orcish Mines.
  8467 | D:9      | Found Otiax's Armour Shop.
  8470 | D:9      | Reached **** piety under Kikubaaqudgha
  8899 | D:10     | Entered Level 10 of the Dungeon
  8925 | D:10     | Noticed a death yak
  8945 | D:10     | Killed a death yak
  8945 | D:10     | Reached skill level 5 in Necromancy
  9020 | D:10     | Noticed a death yak
  9021 | D:10     | Noticed a two-headed ogre
  9039 | D:10     | Noticed a death yak
  9044 | D:10     | Killed a two-headed ogre
  9044 | D:10     | Reached skill level 5 in Spellcasting
  9047 | D:10     | Killed a death yak
  9047 | D:10     | Reached XP level 11. HP: 75/92 MP: 18/18
  9048 | D:10     | Killed a death yak
  9108 | D:10     | Found a staircase to the Lair.
  9287 | D:10     | Learned a level 5 spell: Agony
  9289 | D:10     | Noticed a two-headed ogre
  9294 | D:10     | Killed a two-headed ogre
  9294 | D:10     | Reached skill level 1 in Evocations
  9802 | D:10     | Reached ***** piety under Kikubaaqudgha
 10362 | D:11     | Noticed a purple ugly thing
 10373 | D:11     | Killed a purple ugly thing
 10736 | D:11     | Hit by a large rock thrown by a cyclops

Vault maps used:
D:1:      minmay_arrival_semitransparent, doesnt_xom_only_xom
D:2:      first_bread
D:3:      nicolae_overflow_hidden_temple, minivault_27
D:5:      minmay_temple_entry_mist, serial_shops, shop
D:6:      uniq_sigmund, uniq_crazy_yiuf_cottage, uniq_grinder
D:7:      cheibrodos_two_vegetables, grunt_livestock, fedhas_altar_2
D:8:      basic_altar, serial_shops, shop, trog_three_pillars_becter
D:9:      orc_david_3
D:10:     dpeg_lair_monsters, kennysheep_kite_vault
Temple:   minmay_crystal_snake_temple

Skill      XL: |  1  2  3  4  5  6  7  8  9 10 11 |
---------------+----------------------------------+-----
Stealth        | 2 |  2.0
Dodging        | 2 4 5 6 |  6.7
Conjurations   | 2 3 4 5 6 |  6.0
Polearms       | 1 2 4 |  4.3
Fire Magic     | 4 5 6 |  6.5
Fighting       | 2 3 4 7 |  7.3
Spellcasting   | 3 5 |  5.5
Maces & Flails | 2 5 6 7 |  7.9
Necromancy     | 3 5 7 |  7.7
Evocations     | 4 |  4.6

Action                   |  1- 3 |  4- 6 |  7- 9 | 10-12 || total
-------------------------+-------+-------+-------+-------++-------
Melee: Dagger            |    77 |       |       |       ||    77
       Tailslap          |     8 |    11 |    33 |    45 ||    97
       Rapier            |    36 |    30 |       |       ||    66
       Spear             |       |   101 |   197 |       ||   298
       Mace              |       |       |   191 |   381 ||   572
 Cast: Flame Tongue      |    25 |    19 |     8 |     1 ||    53
       Conjure Flame     |       |     2 |       |       ||     2
       Throw Flame       |       |       |     3 |    22 ||    25
       Sticky Flame      |       |       |     7 |    14 ||    21
       Animate Dead      |       |       |       |    10 ||    10
       Agony             |       |       |       |     2 ||     2
Invok: Receive Corpses   |       |       |       |     2 ||     2
       Torment           |       |       |       |     1 ||     1
 Abil: Evoke Berserk Rag |       |       |     3 |       ||     3
Evoke: Wand              |       |       |     3 |     7 ||    10
  Use: Scroll            |     2 |     2 |     7 |    12 ||    23
       Potion            |       |       |     1 |     1 ||     2
 Stab: Sleeping          |     4 |       |     5 |     7 ||    16
  Eat: Chunk             |     3 |     5 |    10 |    12 ||    30
       Meat ration       |       |     1 |     1 |     1 ||     3
       Fruit             |       |       |     1 |       ||     1
Armor: Skin              |    26 |    19 |   117 |   185 ||   347
Dodge: Dodged            |    81 |    76 |   316 |   405 ||   878
